 Dungeon Crawl Stone Soup version 0.27.1-34-g3ba077fa99 (webtiles) character file.

Game seed: 10796545533836800210

66 comborobin the Sneak (level 3, -23/28 HPs)
             Began as a Vampire Delver on Jan 8, 2022.
             Annihilated by an ogre (28 damage)
             ... on level 4 of the Dungeon.
             The game lasted 00:00:48 (410 turns).

comborobin the Sneak (Vampire Delver)                Turns: 410, Time: 00:00:49

Health: -23/28     AC:  3    Str: 12    XL:     3   Next: 96%
Magic:  3/3        EV: 12    Int: 12    God:
Gold:   35         SH:  0    Dex: 15    Spells: 2/2 levels left

rFire    . . .     SeeInvis +     - Unarmed
rCold    . . .     Faith    .   (no shield)
rNeg     . . .     Spirit   .   a - +0 leather armour
rPois    .         Reflect  .   (no helmet)
rElec    .         Harm     .   (no cloak)
rCorr    .         Rampage  .   (no gloves)
Will     .....                  (no boots)
Stlth    +++.......             (no amulet)
HPRegen  0.29/turn              (no ring)
MPRegen  0.08/turn              (no ring)

@: healing quickly
A: alive, fangs 3, see invisible, vampiric 2
a: Exsanguinate


You were on level 4 of the Dungeon.
You visited 1 branch of the dungeon, and saw 3 of its levels.

You collected 35 gold pieces.

Inventory:

Armour
 a - a +0 leather armour (worn)
Wands
 f - a wand of digging (3)
Scrolls
 b - a scroll of fog
 c - a scroll of identify {unknown}
 d - a scroll of fear
Potions
 e - a potion of brilliance {unknown}


   Skills:
 - Level 2.6 Fighting
 - Level 2.1 Dodging
 - Level 7.2 Stealth
 + Level 4.7 Unarmed Combat


You had 2 spell levels left.
You didn't know any spells.
Your spell library was empty.

Dungeon Overview and Level Annotations

Branches:
Dungeon (6/15)
 Temple: D:4-7

Altars:


Innate Abilities, Weirdness & Mutations

Your natural rate of healing is accelerated.
You have razor-sharp teeth.
You have supernaturally acute eyesight. (SInv)
You are afflicted with vampirism and can become a bat while bloodless.


Message History

Done waiting.
The helpless ogre fails to defend itself.
You hit the ogre. You punch the ogre! You bite the ogre.
The ogre is severely wounded.
The ogre barely misses you.
You hit the ogre but do no damage.
The ogre is severely wounded.
The ogre barely misses you.
You hit the ogre.
The ogre is severely wounded.
You barely miss the ogre.
The ogre is severely wounded.
The ogre hits you with a +0 giant club!!
Ouch! That really hurt!
* * * LOW HITPOINT WARNING * * *
You are too injured to fight recklessly!
You are too injured to fight recklessly!
You are too injured to fight recklessly!
You are too injured to fight recklessly!
You are too injured to fight recklessly!
You are too injured to fight recklessly!
You are too injured to fight recklessly!
You are too injured to fight recklessly!
You are too injured to fight recklessly!
You are too injured to fight recklessly!
You are too injured to fight recklessly!
You are too injured to fight recklessly!
You are too injured to fight recklessly!
You are too injured to fight recklessly!
You are too injured to fight recklessly!
You are too injured to fight recklessly!
You are too injured to fight recklessly!
You are too injured to fight recklessly!
You are too injured to fight recklessly!
Unknown command.
You hit the ogre but do no damage.
The ogre is severely wounded.
The ogre hits you with a +0 giant club!!
Ouch! That really hurt!
You die...

###### #....# ...#
#....# ...# #....#
...# #....# ...#
#†# ####
...###++####.###.O#
....#...........@.+
....#.............#
....##.##'##.######
.#'###.##.####
.#...#.....#
.#...'.....#
.#####...###
.....#...#
####.#####


You could see an ogre.

Vanquished Creatures
  A wyvern skeleton (D:5)
  An adder (D:4)
  A quokka (D:4)
3 creatures vanquished.

Notes
Turn   | Place    | Note
-------+----------+-------------------------------------------
     0 | D:5      | comborobin the Vampire Delver began the quest for the Orb.
     0 | D:5      | Reached XP level 1. HP: 17/17 MP: 1/1
     6 | D:6      | Noticed a hound
    79 | D:5      | Reached XP level 2. HP: 23/23 MP: 2/2
    79 | D:5      | Gained mutation: You are afflicted with vampirism and can
                  | become a bat while bloodless. [Vampire growth]
    79 | D:5      | Reached XP level 3. HP: 28/28 MP: 3/3
   224 | D:5      | Noticed a scorpion
   289 | D:4      | Noticed an ogre
   410 | D:4      | Annihilated by an ogre

Illustrated notes

Levels and vault maps discovered:
D:4:      minmay_recursive_quarters, layout_gridville, tso_oasis_becter,
          kennysheep_generic_room_12
D:5:      layout_layer_cave, kennysheep_slug_shrine
D:6:      minmay_cornered_nines, layout_loops_ring, minmay_temple_entry_slanted,
          portal_sewer_entry_c

Skill      XL: |  1 |
---------------+----+-----
Unarmed Combat | 4 |  4.7
Fighting       | |  2.6
Dodging        | |  2.1
Stealth        | |  7.2

Action                   || total
-------------------------++-------
Melee: Unarmed           ||    28
       Punch             ||     1
       Bite              ||     1
  Use: Potion            ||     2
       Scroll            ||     1
 Stab: Sleeping          ||     2
Armor: Skin              ||     4
       Leather armour    ||     5
Dodge: Dodged            ||    14
